 Dungeon Crawl Stone Soup version 0.30-a0-528-g8c47a4955b (webtiles) character file.

Game seed: 2138309266898180750

420 NinjaNoafa the Grave Robber (level 6, -6/44 HPs)
             Began as a Gnoll Wanderer on Dec 23, 2022.
             Mangled by an orc priest
             ... wielding a +0 flail
              (8 damage)
             ... on level 3 of the Dungeon.
             The game lasted 00:09:20 (2416 turns).

NinjaNoafa the Grave Robber (Gnoll Wanderer)        Turns: 2416, Time: 00:09:21

Health: -6/44      AC:  4    Str: 12    XL:     6   Next: 94%
Magic:  11/11      EV: 16    Int: 12    God:
Gold:   150        SH:  0    Dex: 18    Spells: 8/12 levels left

rFire   + . .      SeeInvis .    k - +1 short sword (elec)
rCold   + . .      Faith    .    (no shield)
rNeg    . . .      Spirit   .    f - +0 leather armour
rPois   +          Reflect  .    b - +0 helmet
rElec   +          Harm     .    (no cloak)
rCorr   +          Rampage  .    (no gloves)
Will    .....                    (no boots)
Stlth   +                        (no amulet)
HPRegen 0.27/turn                d - +6 ring of dexterity
MPRegen 0.12/turn                a - +4 ring of evasion

@: confused, resistant
A: fangs 1, strong nose, distributed training
a: no special abilities


You were on level 3 of the Dungeon.
You visited 1 branch of the dungeon, and saw 3 of its levels.

You collected 150 gold pieces.

Inventory:

Hand Weapons
 k - a +1 short sword of electrocution (weapon)
Missiles
 c - 6 boomerangs (quivered)
 h - 14 stones
 m - 5 poisoned darts
 q - a throwing net
Armour
 b - a +0 helmet (worn)
 f - a +0 leather armour (worn)
Jewellery
 a - a +4 ring of evasion (right hand)
 d - a +6 ring of dexterity (left hand)
 l - a ring of ice
Scrolls
 e - a scroll of butterflies
 g - a scroll of teleportation {unknown}
 i - a scroll of enchant weapon {unknown}
 j - 2 scrolls of poison
 n - a scroll of noise {unknown}
 o - a scroll of brand weapon {unknown}
 p - a scroll of amnesia {unknown}
 r - a scroll of torment {unknown}
 t - a scroll of fog {unknown}


   Skills:
 + Level 2.2 Fighting
 + Level 2.2 Short Blades
 + Level 2.2 Long Blades
 + Level 2.2 Axes
 + Level 2.2 Maces & Flails
 + Level 2.2 Polearms
 + Level 2.2 Staves
 + Level 2.2 Ranged Weapons
 + Level 5.1 Throwing
 + Level 2.2 Armour
 + Level 2.2 Dodging
 + Level 4.8 Stealth
 + Level 2.2 Shields
 + Level 2.2 Unarmed Combat
 + Level 3.6 Spellcasting
 + Level 1.8 Conjurations
 + Level 1.8 Hexes
 + Level 1.8 Summonings
 + Level 5.7 Necromancy
 + Level 1.8 Translocations
 + Level 1.8 Transmutations
 + Level 1.8 Fire Magic
 + Level 1.8 Ice Magic
 + Level 1.8 Air Magic
 + Level 1.8 Earth Magic
 + Level 1.8 Poison Magic
 + Level 2.5 Invocations
 + Level 5.1 Evocations


You had 8 spell levels left.
You knew the following spells:

 Your Spells              Type           Power      Damage    Failure   Level
a - Sublimation of Blood  Necr           16%        N/A       4%          2
b - Cigotuvi's Dreadful   Necr/Pois/Air  18%        N/A       12%         2

Your spell library contained the following spells:

 Spells                   Type           Power      Damage    Failure   Level


Dungeon Overview and Level Annotations

Branches:
Dungeon (3/15)

Altars:

Shops:
D:3 :[

Annotations:
D:3 Sigmund


Innate Abilities, Weirdness & Mutations

You have very sharp teeth.
Your uncanny sense of smell can sniff out nearby items.
Your experience applies equally to all skills.


Message History

The orc zaps a wand.
Your will is overpowered!
You are confused.
The orc hits you with a +0 club. The orc attacks as you move away!
The orc closely misses you.
Sigmund shouts!
You hear a shout!
You're too confused to move!
An orc comes into view. It is wielding a +0 dagger.
You hit the orc but do no damage.
The orc is lightly wounded.
The orc priest invokes the aid of Beogh against you.
Beogh smites you! The orc barely misses you.
You bump into the rock wall.
The orc zaps a wand.
You resist with some effort. The orc hits you with a +0 club.
You hit the orc but do no damage.
The orc is lightly wounded.
The orc misses you. x2
You hit the orc but do no damage.
Sigmund mumbles some strange words.
Sigmund flickers and vanishes!
Deactivating autopickup; reactivate with Ctrl-A.
The orc closely misses you. The orc hits you but does no damage.
The orc attacks as you move away! The orc hits you with a +0 hand axe.
The orc attacks as you move away! The orc hits you with a +0 club.
You feel less confused.
The orc priest hits you with a +0 flail.
The orc zaps a wand.
Your will is overpowered!
You are confused.
Okay, then.
You are too confused!
You closely miss the orc. The orc barely misses you.
The orc attacks as you move away! The orc hits you with a +0 hand axe.
Something hits you!
* * * LOW HITPOINT WARNING * * *
The orc hits you with a +0 club.
* * * LOW HITPOINT WARNING * * *
You feel protected. The orc hits you with a +0 dagger.
* * * LOW HITPOINT WARNING * * *
The orc priest hits you with a +0 flail!
You die...

##...## .#..#
##.....## .... #
#.......# #.∩)#.#
#.......##......#
#.......#...#...#
##......#.#......
#......o.∩......#
#.....o.#.#
#.....o@o.#
##.....#..#######
##...###.......###
####
#######)).######
###.)....#
######.# #.. ##.
##..


You could see an orc priest and 3 orcs.

Vanquished Creatures
  Grinder (D:3)
  An orc priest (D:3)
  Jessica (D:3)
  3 orc wizards (D:3)
  2 adders (D:3)
  An ufetubus (D:3)
  4 dart slugs
  6 orcs (D:3)
  5 endoplasms
  A giant cockroach (D:2)
  9 goblins
  3 hobgoblins
  2 jackals (D:1)
  5 kobolds
  2 quokkas
  2 ball pythons (D:2)
  9 bats
  3 frilled lizards
  4 rats
64 creatures vanquished.

Vanquished Creatures (others)
  A plant (D:2)
1 creature vanquished.

Grand Total: 65 creatures vanquished

Notes
Turn   | Place    | Note
-------+----------+-------------------------------------------
     0 | D:1      | NinjaNoafa the Gnoll Wanderer began the quest for the Orb.
     0 | D:1      | NinjaNoafa set off with the following items: a +2 dagger, a
                  | scroll of blinking, 8 boomerangs, a +0 dagger, a scroll of
                  | butterflies, a +0 leather armour; and the following spells
                  | available to memorise: Sublimation of Blood, Cigotuvi's
                  | Dreadful Rot.
     0 | D:1      | Reached XP level 1. HP: 13/13 MP: 4/4
   142 | D:1      | You fall into a shaft and drop 1 floor!
   150 | D:2      | Reached XP level 2. HP: 19/19 MP: 5/5
   153 | D:2      | Learned a level 2 spell: Sublimation of Blood
   156 | D:2      | Learned a level 2 spell: Cigotuvi's Dreadful Rot
   532 | D:1      | Reached XP level 3. HP: 19/24 MP: 7/7
   691 | D:1      | Reached skill level 1 in Invocations
  1236 | D:2      | Reached skill level 1 in Fighting
  1236 | D:2      | Reached skill level 1 in Short Blades
  1236 | D:2      | Reached skill level 1 in Long Blades
  1236 | D:2      | Reached skill level 1 in Axes
  1236 | D:2      | Reached skill level 1 in Maces & Flails
  1236 | D:2      | Reached skill level 1 in Polearms
  1236 | D:2      | Reached skill level 1 in Staves
  1236 | D:2      | Reached skill level 1 in Ranged Weapons
  1236 | D:2      | Reached skill level 1 in Armour
  1236 | D:2      | Reached skill level 1 in Dodging
  1236 | D:2      | Reached skill level 1 in Shields
  1236 | D:2      | Reached skill level 1 in Unarmed Combat
  1560 | D:2      | Found a faded altar of an unknown god.
  1648 | D:3      | Noticed Jessica
  1659 | D:3      | Killed Jessica
  1660 | D:3      | Reached skill level 1 in Conjurations
  1660 | D:3      | Reached skill level 1 in Hexes
  1660 | D:3      | Reached skill level 1 in Summonings
  1660 | D:3      | Reached skill level 1 in Translocations
  1660 | D:3      | Reached skill level 1 in Transmutations
  1660 | D:3      | Reached skill level 1 in Fire Magic
  1660 | D:3      | Reached skill level 1 in Ice Magic
  1660 | D:3      | Reached skill level 1 in Air Magic
  1660 | D:3      | Reached skill level 1 in Earth Magic
  1660 | D:3      | Reached skill level 1 in Poison Magic
  1660 | D:3      | Reached XP level 4. HP: 31/32 MP: 8/8
  1755 | D:3      | Noticed Grinder
  1787 | D:3      | Killed Grinder
  1788 | D:3      | Reached skill level 5 in Throwing
  1788 | D:3      | Reached skill level 5 in Evocations
  1788 | D:3      | Reached XP level 5. HP: 11/38 MP: 8/10
  1788 | D:3      | Reached XP level 6. HP: 13/44 MP: 8/11
  2396 | D:3      | Found Iseagrorr's Book Emporium.
  2399 | D:3      | Found Oggosov's Antique Armour Boutique.
  2404 | D:3      | Noticed Sigmund
  2416 | D:3      | HP: 2/44 [orc/+0 dagger (3)]
  2416 | D:3      | Mangled by an orc priest

Illustrated notes

Levels and vault maps discovered:
D:1:      scummos_arrival_simple_crosswalls, layout_basic,
          hangedman_decor_clover_reticule
D:2:      layout_loops_cross, shapermc_ecumenical_altar_mp_urbaneastern,
          lightli_corner_chamber
D:3:      layout_rooms, serial_shops, nicolae_shop_crystal, nicolae_shop_stone,
          uniq_jessica, uniq_grinder, uniq_sigmund

Skill      XL: |  1  2  3  4 |
---------------+-------------+-----
Invocations    | 1 2 |  2.5
Fighting       | 1 2 |  2.2
Short Blades   | 1 2 |  2.2
Long Blades    | 1 2 |  2.2
Axes           | 1 2 |  2.2
Maces & Flails | 1 2 |  2.2
Polearms       | 1 2 |  2.2
Staves         | 1 2 |  2.2
Ranged Weapons | 1 2 |  2.2
Armour         | 1 2 |  2.2
Dodging        | 1 2 |  2.2
Shields        | 1 2 |  2.2
Unarmed Combat | 1 2 |  2.2
Spellcasting   | 3 |  3.6
Conjurations   | 1 |  1.8
Hexes          | 1 |  1.8
Summonings     | 1 |  1.8
Translocations | 1 |  1.8
Transmutations | 1 |  1.8
Fire Magic     | 1 |  1.8
Ice Magic      | 1 |  1.8
Air Magic      | 1 |  1.8
Earth Magic    | 1 |  1.8
Poison Magic   | 1 |  1.8
Throwing       | 5 |  5.1
Evocations     | 5 |  5.1
Stealth        | |  4.8
Necromancy     | |  5.7

Action                   |  1- 3 |  4- 6 || total
-------------------------+-------+-------++-------
Melee: Dagger            |    14 |       ||    14
       Bite              |     5 |     5 ||    10
       Short sword       |    47 |    42 ||    89
Throw: Boomerang         |    37 |    39 ||    76
 Cast: Sublimation of Bl |     1 |       ||     1
       Cigotuvi's Dreadf |     1 |       ||     1
  Use: Scroll            |       |     4 ||     4
       Potion            |       |     3 ||     3
 Stab: Sleeping          |     5 |       ||     5
Armor: Leather armour    |    22 |    17 ||    39
Dodge: Dodged            |    41 |    42 ||    83

Table legend: (Time is in decaauts)
 A = Elapsed time spent in this place.
 B = Non-inter-level travel time spent in this place.
 C = Inter-level travel time spent in this place.
 D = Time resting spent in this place.
 E = Time spent auto-exploring this place.
 F = Levels seen in this place.
 G = Mean time per level.
                   A        B        C        D        E       F      G
               +--------+--------+--------+--------+--------+-----+--------+
         Total |   2427 |   2193 |    234 |      0 |   1718 |   3 |  809.0 |
       Dungeon |   2427 |   2193 |    234 |      0 |   1718 |   3 |  809.0 |
               +--------+--------+--------+--------+--------+-----+--------+

Top non-repeatable levels by time:
     D:2: 942 daAuts
     D:1: 860 daAuts
     D:3: 624 daAuts
